 Dungeon Crawl Stone Soup version 0.31.0-10-gcf4a605ca0 (webtiles) character file.

Game seed: 11701698958912741488

3280 SnakkuSnakku7 the Grappler (level 10, 0/81 HPs)
             Began as a Ghoul Summoner on Jan 26, 2024.
             Was a Priest of Uskayaw.
             Slain by a gnoll
             ... wielding a +0 halberd
              (9 damage)
             ... on level 6 of the Dungeon.
             The game lasted 00:08:35 (5506 turns).

SnakkuSnakku7 the Grappler (Ghoul Summoner)         Turns: 5506, Time: 00:08:36

Health: 0/81       AC:  8    Str: 17    XL:     10   Next: 0%
Magic:  12/12      EV: 10    Int: 14    God:    Uskayaw [***...]
Gold:   218        SH: 10    Dex:  9    Spells: 12/12 levels left

rFire   . .          .
                       - Unarmed
rCold   + . .        i - +0 buckler
rNeg    + + +        f - +0 ring mail
rPois   ∞            (no helmet)
rElec   .            v - scarf {shadows}
rCorr   .            (no gloves)
SInv    .            l - +2 pair of boots
Will    .....        o - amulet of reflection
Stlth   +            (no ring)
HPRegen 0.00/turn    (no ring)
MPRegen 0.13/turn

%: reflection
@: inhibited regen
A: claws 1, cold resistance 1, negative energy resistance 3, inhibited
regeneration, torment resistance 2, devour on kill
a: Renounce Religion, Stomp, Line Pass


You were on level 6 of the Dungeon.
You worshipped Uskayaw.
Uskayaw was noncommittal.
You visited 2 branches of the dungeon, and saw 7 of its levels.

You collected 218 gold pieces.

Inventory:

Missiles
 d - 4 poisoned darts
 m - a throwing net (quivered)
 n - 5 javelins
Armour
 a - a +0 robe
 e - a +0 leather armour
 f - a +0 ring mail (worn)
 i - a +0 buckler (worn)
 l - a +2 pair of boots (worn)
 v - a scarf of shadows (worn)
 w - a +0 kite shield
Jewellery
 o - an amulet of reflection (around neck)
Wands
 k - a wand of flame (20)
Scrolls
 p - a scroll of fog {unknown}
 q - a scroll of fear {unknown}
 r - 4 scrolls of revelation {unknown}
Potions
 b - 2 potions of magic
 c - 2 potions of curing {unknown}
 g - a potion of invisibility {unknown}
 h - 2 potions of enlightenment {unknown}
 j - a potion of brilliance {unknown}
 s - 2 potions of haste {unknown}
 t - a potion of attraction {unknown}
 u - a potion of heal wounds {unknown}


   Skills:
 - Level 5.0 Fighting
 - Level 1.7 Dodging
 - Level 2.1 Stealth
 + Level 5.9 Shields
 - Level 12.0 Unarmed Combat
 - Level 1.7 Spellcasting
 - Level 3.6 Summonings


You had 12 spell levels left.
You didn't know any spells.
Your spell library contained the following spells:

 Spells                   Type           Power      Damage    Failure   Level
 Summon Small Mammal      Summ           44%        N/A       13%         1
 Call Imp                 Summ           22%        N/A       21%         2
 Call Canine Familiar     Summ           11%        N/A       36%         3
 Summon Ice Beast         Ice/Summ       6%         N/A       63%         3
 Ensorcelled Hibernation  Hex/Ice        2%         N/A       65%         2
 Hailstorm                Conj/Ice       1%         3d5       86%         3
 Passwall                 Erth           1%         N/A       86%         3
 Swiftness                Air            1%         N/A       86%         3
 Summon Blazeheart Golem  Fire/Summ      6%         N/A       95%         4
 Summon Lightning Spire   Summ/Air       6%         N/A       95%         4
 Fireball                 Conj/Fire      0%         3d3       100%        5
 Sculpt Simulacrum        Ice/Alch       0%         N/A       100%        6
 Orb of Destruction       Conj           0%         9d5       100%        7
 Borgnjor's Revivificati  Necr           Unusable   N/A       N/A         8

Dungeon Overview and Level Annotations

Branches:
Dungeon (6/15)             Temple (1/1) D:6

Altars:
Ashenzari
Cheibriados
Dithmenos
Fedhas
Gozag
Hepliaklqana
Kikubaaqudgha
Makhleb
Nemelex Xobeh
Okawaru
Qazlal
Sif Muna
Uskayaw
Vehumet
Wu Jian
Xom
Yredelemnul

Shops:
D:6 [

Annotations:
D:6 Edmund


Innate Abilities, Weirdness & Mutations

You are immune to poison.
You have sharp fingernails.
Your flesh is cold resistant. (rC+)
You are immune to negative energy. (rN+++)
You do not regenerate when monsters are visible.
You are immune to unholy pain and torment.
You thrive by killing the living.


Message History

You scratch Edmund but do no damage.
Edmund is heavily wounded.
The gnoll bouda calls upon its god to heal the gnoll.
The gnoll is healed somewhat.
Unknown command.
You scratch Edmund.
Edmund is heavily wounded.
You block the gnoll sergeant's attack.
Edmund hits you with a +2 dire flail of holy wrath!
You convulse.
The gnoll throws a boomerang.
You block the boomerang with an invisible shield... and reflect it back!
The boomerang hits the gnoll.
You scratch Edmund.
Edmund is heavily wounded.
The gnoll sergeant barely misses you. You block Edmund's attack.
Unknown command.
You scratch Edmund but do no damage.
Edmund is heavily wounded.
The gnoll sergeant is no longer moving quickly.
The gnoll bouda closely misses you. The gnoll hits you.
You block the gnoll sergeant's attack.
Edmund hits you with a +2 dire flail of holy wrath!
You convulse!
You scratch Edmund but do no damage.
Edmund is heavily wounded.
Your attacks no longer feel as feeble.
The gnoll hits you from afar with a +0 halberd.
The gnoll hits you.
The gnoll sergeant hits you from afar with a +0 spear!
Edmund hits you with a +2 dire flail of holy wrath!
You convulse!
* * * LOW HITPOINT WARNING * * *
You are too injured to fight recklessly!
Unknown command.
You are too injured to fight recklessly!
Unknown command.
You are too injured to fight recklessly!
The gnoll attacks as it pursues you! The gnoll hits you but does no damage.
The gnoll hits you from afar with a +0 halberd!
You die...

......≈..
.....≈≈...##..##.
...≈≈≈.....#''#..
...≈...##........ ...≈g.##
#......#### ...≈.##
'......'..# .≈ ...≈.##
'....@.(..##.≈ .#.≈..#
##....gg## #..≈
##.≈...##......g@##...≈
.#.≈≈......#''#.......≈
....≈≈.... #..##).....≈..#
.(...≈...†##. ##.....≈≈..#
.....≈...).####.....≈≈...#
#....≈......##......≈..#.#
#....≈≈.....).(....≈≈....#
##...≈≈≈≈≈≈≈≈≈...≈≈....#
#........$)........#.


You could see Edmund, a gnoll bouda and 2 gnolls.

Vanquished Creatures
  5 yaks
  Menkaure (D:6)
  Duvessa (D:4)
  2 water moccasins (D:5)
  A black bear (D:4)
  A sky beast (D:6)
  An ogre (D:4)
  A centaur (D:5)
  3 phantoms
  Blork the orc (D:6)
  2 scorpions (D:5)
  2 gnoll sergeants (D:6)
  3 wights (D:6)
  Dowan (D:4)
  A howler monkey (D:5)
  9 hounds
  3 orc priests
  Jessica (D:2)
  Natasha (thrice) (D:2)
  3 iguanas
  3 orc wizards
  Terence (D:1)
  24 gnolls
  5 adders
  2 shadow imps
  A ribbon worm (D:4)
  2 dart slugs
  19 orcs
  5 bats
  6 endoplasms
  2 giant cockroaches
  12 goblins
  6 hobgoblins
  9 jackals
  4 kobolds
  8 quokkas
  8 ball pythons
  3 frilled lizards
  7 rats
172 creatures vanquished.

Notes
Turn   | Place    | Note
-------+----------+-------------------------------------------
     0 | D:1      | SnakkuSnakku7 the Ghoul Summoner began the quest for the
                  | Orb.
     0 | D:1      | Reached XP level 1. HP: 14/14 MP: 3/3
   243 | D:1      | Reached skill level 1 in Fighting
   243 | D:1      | Reached skill level 1 in Unarmed Combat
   243 | D:1      | Reached XP level 2. HP: 23/23 MP: 4/4
   331 | D:1      | Found a faded altar of an unknown god.
   331 | D:1      | Noticed a reaper
   365 | D:1      | Reached XP level 3. HP: 25/29 MP: 5/5
   546 | D:1      | Reached skill level 2 in Unarmed Combat
   852 | D:2      | Noticed Terence
   854 | D:2      | Noticed Jessica
   854 | D:2      | Noticed Natasha
   888 | D:1      | Killed Terence
   889 | D:1      | Reached XP level 4. HP: 12/37 MP: 6/6
  1032 | D:2      | Killed Natasha
  1033 | D:2      | Reached skill level 3 in Unarmed Combat
  1084 | D:2      | Killed Jessica
  1085 | D:2      | Reached XP level 5. HP: 45/45 MP: 7/7
  1129 | D:2      | Noticed Natasha
  1139 | D:2      | Killed Natasha
  1238 | D:2      | Noticed Natasha
  1250 | D:2      | Killed Natasha
  1582 | D:3      | Reached skill level 4 in Unarmed Combat
  1665 | D:3      | Reached XP level 6. HP: 45/52 MP: 8/8
  1676 | D:3      | Found a stormy altar of Qazlal.
  1752 | D:3      | Got Qutaj's Atlas of Power and Wicked Secrets
  1819 | D:3      | Found an opulent altar of Gozag.
  1921 | D:3      | Identified the +2 whip of Duxkyzue {freeze, rElec}
  2471 | D:4      | Noticed Duvessa
  2473 | D:4      | Reached skill level 5 in Fighting
  2490 | D:3      | Reached skill level 5 in Unarmed Combat
  2569 | D:4      | Noticed Dowan
  2586 | D:4      | Killed Duvessa
  2587 | D:4      | Reached XP level 7. HP: 22/61 MP: 9/9
  2597 | D:3      | Reached skill level 6 in Unarmed Combat
  2748 | D:4      | Killed Dowan
  2772 | D:4      | Identified the +2 rapier of Recklessness {holy, rC+}
  3029 | D:4      | Found a burning altar of Makhleb.
  3030 | D:4      | Noticed a blizzard demon
  3037 | D:4      | Noticed an angel
  3061 | D:4      | Reached skill level 7 in Unarmed Combat
  3190 | D:4      | Reached skill level 8 in Unarmed Combat
  3190 | D:4      | Reached XP level 8. HP: 49/68 MP: 10/10
  3293 | D:5      | Entered Level 5 of the Dungeon
  3418 | D:5      | Reached skill level 9 in Unarmed Combat
  3547 | D:5      | Found a blossoming altar of Fedhas.
  3562 | D:5      | Found a shimmering altar of Xom.
  3619 | D:5      | Reached skill level 10 in Unarmed Combat
  3859 | D:5      | Found an ancient bone altar of Kikubaaqudgha.
  3978 | D:6      | Found a staircase to the Ecumenical Temple.
  3986 | Temple   | Entered the Ecumenical Temple
  3992 | Temple   | Became a worshipper of Uskayaw the Reveller
  4028 | D:6      | Noticed a yak
  4051 | D:6      | Reached * piety under Uskayaw
  4053 | D:6      | Reached ** piety under Uskayaw
  4055 | D:6      | Killed a yak
  4060 | D:6      | Found a shadowy altar of Dithmenos.
  4067 | D:6      | Found Plog's Antique Armour Shop.
  4078 | D:6      | Reached skill level 11 in Unarmed Combat
  4078 | D:6      | Reached XP level 9. HP: 59/74 MP: 11/11
  4079 | D:6      | Reached *** piety under Uskayaw
  4082 | D:6      | Reached **** piety under Uskayaw
  4101 | D:6      | Noticed Blork the orc
  4120 | D:6      | Killed Blork the orc
  4231 | D:6      | Noticed Menkaure
  4236 | D:6      | Noticed Edmund
  4239 | D:6      | Killed Menkaure
  4653 | D:5      | Reached skill level 12 in Unarmed Combat
  4822 | D:6      | Reached skill level 1 in Shields
  5292 | D:6      | Reached skill level 5 in Shields
  5425 | D:6      | Reached ***** piety under Uskayaw
  5448 | D:6      | Reached ****** piety under Uskayaw
  5449 | D:6      | Reached XP level 10. HP: 56/81 MP: 12/12
  5506 | D:6      | Slain by a gnoll

Illustrated notes

Levels and vault maps discovered:
D:1:      grunt_arrival_lava_bath, layout_rooms,
          dreamdust_ecumenical_altar_sealed_demon
D:2:      layout_rooms, serial_forest, infiniplex_forest_lined_3_way,
          infiniplex_forest_straight_4, infiniplex_forest_lined_room_2,
          infiniplex_forest_end_2, infiniplex_forest_end_1,
          infiniplex_forest_clump_medium, infiniplex_forest_straight_3,
          infiniplex_forest_corner_2, ebering_dispersal_statue_hall,
          uniq_terence, uniq_natasha, uniq_jessica
D:3:      layout_basic, mainiacjoe_overflow_24_doors,
          mainiacjoe_overflow_six_doors_small
D:4:      layout_cave_pools, grunt_temple_overflow_order_and_chaos_2,
          uniq_duvessa
D:5:      nicolae_BIG_FREAKIN_CUBE, layout_gridville, lemuel_tele_altar,
          jmf_multi_god_temple2, st_stairs_2
D:6:      layout_cave_pools, nicolae_dithmenos_through_a_glass_darkly,
          minmay_temple_entry_statues_fountains, serial_gnoll_camp,
          gnoll_camp_mini_basic, gnoll_camp_huts_moat, gnoll_camp_mini_doghouse,
          gnoll_camp_mini_shop, minivault_23, minmay_manual_mares,
          uniq_menkaure, uniq_edmund, uniq_blork_the_orc
Temple:   chequers_temple_sunken

Skill      XL: |  1  2  3  4  5  6  7  8  9 |
---------------+----------------------------+-----
Fighting       | 1 2 3 4 5 |  5.0
Unarmed Combat | 1 2 3 4 5 8 11 12 | 12.0
Shields        | 5 |  5.9
Dodging        | |  1.7
Stealth        | |  2.1
Spellcasting   | |  1.7
Summonings     | |  3.6

Action                     |  1- 3 |  4- 6 |  7- 9 | 10-12 || total
---------------------------+-------+-------+-------+-------++-------
  Melee: Unarmed           |   138 |   163 |   342 |    21 ||   664
         Punch             |     1 |     4 |    10 |       ||    15
    Use: Scroll            |       |       |     7 |       ||     7
   Stab: Paralysed         |       |       |     8 |     3 ||    11
 Armour: Robe              |    17 |       |       |       ||    17
         Leather armour    |    22 |       |       |       ||    22
         Ring mail         |    45 |   118 |   242 |    14 ||   419
  Dodge: Dodged            |    73 |    68 |   141 |     9 ||   291
  Block: Buckler           |       |       |    13 |    13 ||    26
         Reflection        |       |       |       |     5 ||     5
